 Dungeon Crawl Stone Soup version 0.28-a0-1184-g53156a8862 (webtiles) character file.

Game seed: 12958626267408067627

53925 oldmanjim the Apostle (level 14, -1/124 HPs)
             Began as a Hill Orc Fighter on Dec 11, 2021.
             Was a High Priest of Beogh.
             Slain by an eight-headed hydra (11 damage)
             ... on level 6 of the Lair of Beasts on Dec 17, 2021.
             The game lasted 03:20:18 (31571 turns).

oldmanjim the Apostle (Hill Orc Fighter)           Turns: 31571, Time: 03:20:20

Health: -1/124     AC: 32    Str: 24    XL:     14   Next: 70%
Magic:  0/26       EV:  9    Int:  8    God:    Beogh [*****.]
Gold:   1904       SH:  7    Dex: 10    Spells: 13/13 levels left

rFire   . . .      SeeInvis .   N - +2 spear (freeze)
rCold   + . .      Faith    .   l - +2 buckler
rNeg    . . .      Spirit   +   T - +0 plate armour
rPois   .          Reflect  .   m - +0 helmet
rElec   .          Harm     .   U - +2 cloak {rC+}
rCorr   .          Rampage  .   u - +0 pair of gloves
Will    ++...                   W - +1 pair of boots
Stlth   ..........              V - amulet of guardian spirit
HPRegen 0.30/turn               q - ring of the Tortoise {AC+8}
MPRegen 0.20/turn               x - ring of willpower

@: mighty, on berserk cooldown, slowed, very slow
A: walk on water
a: Renounce Religion, Smiting, Recall Orcish Followers, Give Item to Named
Follower


You were on level 6 of the Lair of Beasts.
You worshipped Beogh.
Beogh was extremely pleased with you.
You visited 3 branches of the dungeon, and saw 19 of its levels.
You also visited: Sewer and Ice Cave.

You collected 2076 gold pieces.
You spent 172 gold pieces at shops.

Inventory:

Hand Weapons
 a - a +0 war axe
 b - a +0 hand crossbow
 B - the +2 whip "Neuqahij" {drain, +Blink rPois rF- Dex+5}
   (You found it on level 4 of the Dungeon)

   A truly terrible weapon, it drains the life of any living foe it strikes.
   Dex:       It affects your dexterity (+5).
   rF:        It makes you vulnerable to fire.
   rPois:     It protects you from poison.
   +Blink:    It lets you blink.
 N - a +2 spear of freezing (weapon)
Missiles
 n - 129 bolts
 w - 98 poisoned darts (quivered)
 I - a throwing net
 Q - a curare-tipped dart
 R - 8 javelins
Armour
 l - a +2 buckler (worn)
 m - a +0 helmet (worn)
 u - a +0 pair of gloves (worn)
 J - a +0 kite shield
 T - a +0 plate armour (worn)
 U - a +2 cloak of cold resistance (worn)
 W - a +1 pair of boots (worn)
Jewellery
 q - the ring of the Tortoise (left hand) {AC+8}
   (You found it in an ice cave)

   [ring of protection]

   AC:        It affects your AC (+8).
 x - a ring of willpower (right hand)
 z - a ring of ice
 L - a ring of fire
 P - a ring of flight
 V - an amulet of guardian spirit (around neck)
Wands
 p - a wand of paralysis (7)
 r - a wand of iceblast (23)
 y - a wand of polymorph (2)
 A - a wand of flame (28)
 S - a wand of acid (7)
Scrolls
 c - 2 scrolls of silence {unknown}
 e - a scroll of fear {unknown}
 g - 3 scrolls of enchant armour {unknown}
 j - 6 scrolls of vulnerability {unknown}
 k - 8 scrolls of magic mapping {unknown}
 s - 11 scrolls of teleportation
 t - 2 scrolls of acquirement {unknown}
 v - 2 scrolls of holy word {unknown}
 F - 3 scrolls of blinking
 H - 3 scrolls of fog {unknown}
 K - a scroll of immolation {unknown}
 M - 2 scrolls of enchant weapon
 O - 2 scrolls of amnesia {unknown}
Potions
 d - 3 potions of might
 f - 3 potions of ambrosia
 h - 2 potions of curing
 i - 4 potions of berserk rage
 C - 2 potions of cancellation
 D - 5 potions of heal wounds
 E - 2 potions of magic
 G - 2 potions of haste
 X - 2 potions of invisibility
 Z - 2 potions of lignification
Miscellaneous
 o - a tin of tremorstones (2/2)
 Y - a condenser vane


   Skills:
 + Level 11.4 Fighting
 - Level 17.0 Axes
 + Level 11.3 Armour
 + Level 5.5 Dodging
 + Level 6.7 Shields
 + Level 17.3 Invocations
 - Level 7.0 Evocations


You had 13 spell levels left.
You didn't know any spells.
Your spell library contained the following spells:

 Spells                   Type           Power      Damage    Failure   Level
 Animate Skeleton         Necr           0%         N/A       99%         1
 Apportation              Tloc           0%         N/A       99%         1
 Magic Dart               Conj           0%         1d3       99%         1
 Summon Small Mammal      Summ           0%         N/A       99%         1
 Corpse Rot               Necr/Air       0%         N/A       100%        2
 Poisonous Vapours        Pois/Air       0%         N/A       100%        2
 Searing Ray              Conj           0%         2d4       100%        2
 Static Discharge         Conj/Air       0%         N/A       100%        2
 Call Canine Familiar     Summ           0%         N/A       100%        3
 Gell's Gravitas          Tloc           0%         N/A       100%        3
 Summon Guardian Golem    Hex/Summ       0%         N/A       100%        3
 Teleport Other           Tloc           0%         N/A       100%        3
 Dispel Undead            Necr           0%         3d6       100%        4
 Fulminant Prism          Conj/Hex       0%         3d6       100%        4
 Sticky Flame             Conj/Fire      0%         2d3       100%        4
 Iskenderun's Battlesphe  Conj           0%         2d6       100%        5
 Lightning Bolt           Conj/Air       0%         1d11      100%        5
 Death Channel            Necr           0%         N/A       100%        6
 Dispersal                Tloc           0%         N/A       100%        6
 Iron Shot                Conj/Erth      0%         9d1       100%        6
 Spellforged Servitor     Conj/Summ      0%         N/A       100%        7
 Maxwell's Capacitive Co  Air            0%         ∞         100%        8


Dungeon Overview and Level Annotations

Branches:
Dungeon (12/15)            Temple (1/1) D:6            Lair (6/6) D:8
 Shoals (0/4) Lair:4        Snake (0/4) Lair:2        Slime (0/5) Lair:5
    Orc (0/2) D:9           Sewer (visited)           IceCv (visited)

Altars:
Ashenzari
Cheibriados
Dithmenos
Elyvilon
Fedhas
Gozag
Hepliaklqana
Kikubaaqudgha
Makhleb
Nemelex Xobeh
Okawaru
Qazlal
Ru
Sif Muna
Trog
Uskayaw
Vehumet
Wu Jian
Xom
Yredelemnul
Zin
The Shining One
Beogh
Jiyva

Shops:
D:10 *

Annotations:
D:4 1 runed translucent door, exclusion: door, Crazy Yiuf
D:11 2 transporters
Lair:5 1 runed translucent door, exclusion: door
Lair:6 1 transporter


Message History

The eight-headed hydra bites you but does no damage.
You feel much better.
You block the eight-headed hydra's attack.
The eight-headed hydra bites you!
* * * LOW HITPOINT WARNING * * *
You block the eight-headed hydra's attack.
The eight-headed hydra closely misses you.
The eight-headed hydra bites you but does no damage. x2
The eight-headed hydra closely misses you.
The eight-headed hydra bites you but does no damage. x2
The eight-headed hydra bites you.
* * * LOW HITPOINT WARNING * * *
The eight-headed hydra closely misses you.
The eight-headed hydra bites you but does no damage. x2
You block the eight-headed hydra's attack. x2
The eight-headed hydra bites you but does no damage.
You feel very mighty all of a sudden. The eight-headed hydra bites you.
* * * LOW HITPOINT WARNING * * *
The eight-headed hydra bites you but does no damage.
The eight-headed hydra barely misses you.
The eight-headed hydra bites you but does no damage. x3
The eight-headed hydra closely misses you. x2
You impale the eight-headed hydra!! You freeze the eight-headed hydra!
The eight-headed hydra is severely wounded.
The eight-headed hydra closely misses you.
The eight-headed hydra completely misses you.
The eight-headed hydra bites you!
* * * LOW HITPOINT WARNING * * *
You block the eight-headed hydra's attack.
The eight-headed hydra bites you but does no damage. x3
The eight-headed hydra misses you.
You barely miss the eight-headed hydra.
The eight-headed hydra is severely wounded.
The eight-headed hydra barely misses you.
The eight-headed hydra completely misses you.
The eight-headed hydra closely misses you.
The eight-headed hydra bites you but does no damage.
The eight-headed hydra bites you!
You die...

### ######### #.##
#####...#...###### #####
##..###..#.............###.#.#
##..#......................##..
##.........####.©.####..........
#........###..#####..##.........
##......##..#.$??(....#.........
##.....#....###[..##.##........
#.....##.#...@.#.....#........
#.#.)..#...#..D..##..#........
#......#..##..#††....#........
#......#....#.††#...##........
#......##......#....#.........
#.......##©###..#####.........
#........###©####.............
#................[............
#.............................


You could see an eight-headed hydra.

Vanquished Creatures
  A fire dragon (Lair:6)
  The ghost of GoddamnPoopooFuck the Covert, a journeyman OpAE of Ru (Lair:6)
  An ice dragon (IceCv)
  3 hydras
  A two-headed ogre (D:11)
  9 death yaks
  A swamp dragon (Lair:6)
  A lindwurm (Lair:6)
  An ugly thing (D:10)
  A wolf spider (Lair:6)
  An oklob plant (Lair:6)
  A cyclops (D:11)
  2 moths of wrath (Lair:6)
  A manticore (Lair:6)
  5 elephants (Lair:6)
  2 merfolk sirens (Lair:4)
  5 black mambas
  2 torpor snails
  9 cane toads
  2 ice statues (IceCv)
  7 rime drakes
  9 komodo dragons
  2 merfolk (Lair:4)
  A polar bear (Lair:6)
  3 trolls
  A dream sheep (Lair:6)
  5 blink frogs
  A vampire (D:10)
  6 basilisks
  A shadow (D:11)
  33 yaks
  A wraith (D:11)
  3 steam dragons
  2 nagas (Lair:2)
  An acid dragon (Lair:6)
  15 water moccasins
  A hornet zombie (D:9)
  8 orc warriors
  3 ice beasts
  A sky beast (D:4)
  5 black bears
  3 necrophages
  10 wolves
  6 ogres
  3 centaurs
  A phantom (D:4)
  6 kobold brigands
  2 gnoll sergeants
  9 bullfrogs
  3 scorpions
  11 killer bees
  4 lindwurm simulacra (IceCv)
  3 howler monkeys
  3 wights (D:9)
  2 bullfrog zombies
  9 komodo dragon simulacra (IceCv)
  7 centaur zombies
  5 orc priests
  5 jellies
  A bullfrog skeleton (D:6)
  4 hounds
  3 orc wizards
  7 iguanas
  A hell rat (Lair:6)
  A killer bee zombie (D:5)
  A hound zombie (D:5)
  A howler monkey zombie (D:8)
  7 gnolls
  A howler monkey skeleton (D:4)
  12 adders
  5 acid dragon simulacra (IceCv)
  2 shadow imps
  3 steam dragon simulacra (IceCv)
  An adder skeleton (D:4)
  2 dart slugs
  2 worms
  32 orcs
  4 bats
  16 endoplasms
  5 giant cockroaches
  12 goblins
  2 hobgoblins (D:3)
  12 jackals
  3 quokkas
  8 ball pythons
  5 frilled lizards
  32 kobolds
  6 rats
  A bush (D:8)
443 creatures vanquished.

Vanquished Creatures (collateral kills)
  A dire elephant (Lair:6)
  The ghost of avis the Grappler, a journeyman HOMo of Beogh (D:11)
  2 hydras
  A catoblepas (Lair:6)
  4 death yaks (Lair:6)
  A lindwurm (Lair:6)
  A manticore (Lair:6)
  A cyclops (D:11)
  A centaur zombie (D:10)
  An elephant (Lair:6)
  2 torpor snails
  2 cane toads
  4 rime drakes
  4 komodo dragons
  A troll (D:11)
  A polar bear (Lair:2)
  4 blink frogs
  A dream sheep (Lair:6)
  3 wyverns
  33 yaks
  2 steam dragons (Lair:6)
  2 nagas (Lair:2)
  7 water moccasins
  2 orc warriors (D:11)
  5 wolves
  2 bullfrogs
  An iguana (Lair:6)
  An orc (D:11)
  5 kobolds (D:11)
96 creatures vanquished.

Vanquished Creatures (others)
  2 orc warriors
  An orc wizard (Lair:5)
  3 orc priests
  12 orcs
  A ball python (D:4)
  An endoplasm (D:4)
  A bush (Lair:6)
  57 fungi
  102 plants
  6 toadstools (D:3)
186 creatures vanquished.

Grand Total: 725 creatures vanquished

Notes
Turn   | Place    | Note
-------+----------+-------------------------------------------
     0 | D:1      | oldmanjim the Hill Orc Fighter began the quest for the Orb.
     0 | D:1      | Reached XP level 1. HP: 19/19 MP: 1/1
   274 | D:1      | Reached XP level 2. HP: 27/27 MP: 2/2
   381 | D:1      | Found a faded altar of an unknown god.
   988 | D:2      | Reached XP level 3. HP: 33/33 MP: 3/3
  2028 | D:3      | Reached XP level 4. HP: 37/40 MP: 4/4
  2102 | D:3      | Reached skill level 5 in Axes
  2102 | D:3      | Reached XP level 5. HP: 19/46 MP: 5/5
  2929 | D:4      | Became a worshipper of Beogh the Brigand
  2975 | D:4      | Identified the +2 whip "Neuqahij" {drain, +Blink rPois rF-
                  | Dex+5}
  3081 | D:4      | Found a glowing drain.
  3144 | Sewer    | Entered a sewer
  3206 | Sewer    | Reached * piety under Beogh
  3215 | Sewer    | Reached XP level 6. HP: 40/52 MP: 6/6
  3730 | Sewer    | Reached skill level 1 in Invocations
  4438 | D:4      | Found a runed translucent door.
  4439 | D:4      | Noticed Crazy Yiuf
  4544 | D:4      | Noticed an orc warrior
  4600 | D:4      | Killed an orc warrior
  4600 | D:4      | Reached ** piety under Beogh
  4619 | D:4      | Noticed a necrophage
  4638 | D:4      | Killed a necrophage
  4638 | D:4      | HP: 1/52 [orc priest/divine providence (14)]
  4639 | D:4      | Reached XP level 7. HP: 2/59 MP: 8/8
  5036 | D:5      | Entered Level 5 of the Dungeon
  5112 | D:4      | Reached skill level 5 in Fighting
  5589 | D:4      | Reached XP level 8. HP: 26/69 MP: 11/11
  6119 | D:5      | Reached skill level 5 in Invocations
  6335 | D:5      | Reached skill level 10 in Axes
  6818 | D:5      | Found a radiant altar of Vehumet.
  6926 | D:5      | Found a snail-covered altar of Cheibriados.
  6926 | D:5      | Found a stormy altar of Qazlal.
  6927 | D:5      | Found a sparkling altar of Nemelex Xobeh.
  7672 | D:6      | Reached skill level 5 in Armour
  7672 | D:6      | Reached XP level 9. HP: 75/75 MP: 14/14
  7699 | D:6      | Found a staircase to the Ecumenical Temple.
  7753 | Temple   | Entered the Ecumenical Temple
  8240 | D:6      | Found a basalt altar of Yredelemnul.
  9241 | D:7      | Found a glowing golden altar of the Shining One.
 10058 | D:7      | Noticed a two-headed ogre
 10368 | D:8      | Reached XP level 10. HP: 41/86 MP: 16/16
 11171 | D:8      | Found a staircase to the Lair.
 11522 | D:8      | Reached *** piety under Beogh
 12049 | D:8      | Reached skill level 10 in Invocations
 12287 | D:9      | Found a staircase to the Orcish Mines.
 13583 | D:10     | Entered Level 10 of the Dungeon
 14164 | D:9      | Reached XP level 11. HP: 94/94 MP: 19/19
 14624 | D:9      | Upgraded the game from 0.28-a0-1087-gf3fc490d9d to
                  | 0.28-a0-1143-gcf6077d4cc
 15347 | D:10     | Found Patacry's General Store.
 15355 | D:10     | Bought a scroll of noise for 15 gold pieces
 15355 | D:10     | Bought a potion of lignification for 45 gold pieces
 15355 | D:10     | Bought a scroll of enchant weapon for 112 gold pieces
 15411 | D:10     | Noticed a white ugly thing
 15436 | D:10     | Killed a white ugly thing
 15987 | D:10     | Reached skill level 15 in Axes
 16403 | D:11     | Reached skill level 1 in Evocations
 16421 | D:11     | Noticed a cyclops
 16442 | D:11     | Killed a cyclops
 16507 | D:11     | Noticed a cyclops
 16521 | D:11     | Killed a cyclops
 16616 | D:11     | Found a roughly hewn altar of Beogh.
 16616 | D:11     | Noticed a cyclops
 16642 | D:11     | Found a transporter.
 16644 | D:11     | Found a transporter.
 16644 | D:11     | Noticed a two-headed ogre
 16645 | D:11     | Noticed a cyclops
 16645 | D:11     | Noticed an orc sorcerer
 16755 | D:11     | Noticed a five-headed hydra
 16757 | D:11     | Noticed a two-headed ogre
 16761 | D:11     | Killed a five-headed hydra
 16773 | D:11     | Killed a two-headed ogre
 17190 | D:11     | Upgraded the game from 0.28-a0-1143-gcf6077d4cc to
                  | 0.28-a0-1152-g9c71ebef14
 17388 | D:11     | Found a runed translucent gate.
 17389 | D:11     | Noticed avis's ghost (journeyman HOMo)
 17389 | D:11     | Found a runed translucent gate.
 17390 | D:11     | Found a runed translucent gate.
 17392 | D:11     | Found a roughly hewn altar of Beogh.
 17399 | D:11     | Identified the +3 falchion of the Desolation of Salt {vamp,
                  | rPois}
 17415 | D:11     | Killed avis's ghost
 17718 | D:11     | Noticed an ogre mage
 17943 | Lair:1   | Entered Level 1 of the Lair of Beasts
 17943 | Lair:1   | Found a frozen archway.
 17963 | IceCv    | Entered an ice cave
 18099 | IceCv    | Reached **** piety under Beogh
 18668 | IceCv    | Reached XP level 12. HP: 79/106 MP: 15/21
 19756 | IceCv    | Noticed an ice dragon
 19786 | IceCv    | Killed an ice dragon
 19787 | IceCv    | Reached skill level 10 in Fighting
 19792 | IceCv    | Reached skill level 5 in Evocations
 20110 | IceCv    | Found the ring of the Tortoise {AC+8}
 20182 | IceCv    | Upgraded the game from 0.28-a0-1152-g9c71ebef14 to
                  | 0.28-a0-1159-g27aa881441
 20487 | Lair:1   | Noticed an eight-headed hydra
 20495 | Lair:1   | Killed a nine-headed hydra
 20501 | Lair:1   | Reached skill level 1 in Dodging
 20506 | Lair:1   | Gained Bogric as an ally
 21538 | Lair:2   | Reached skill level 5 in Shields
 21555 | Lair:2   | Found a staircase to the Snake Pit.
 22646 | Lair:3   | Found an ancient bone altar of Kikubaaqudgha.
 23045 | Lair:3   | Reached XP level 13. HP: 110/113 MP: 22/24
 23067 | Lair:3   | Reached skill level 15 in Invocations
 23075 | Lair:3   | Upgraded the game from 0.28-a0-1159-g27aa881441 to
                  | 0.28-a0-1182-g381e24db82
 23802 | Lair:4   | Reached skill level 10 in Armour
 23825 | Lair:4   | Reached ***** piety under Beogh
 25307 | Lair:4   | Found a staircase to the Shoals.
 26414 | Lair:5   | Reached skill level 5 in Dodging
 26795 | Lair:5   | Found a runed translucent door.
 26796 | Lair:5   | Found a viscous altar of Jiyva.
 26798 | Lair:5   | Found a staircase to the Slime Pits.
 27122 | Lair:6   | Entered Level 6 of the Lair of Beasts
 27895 | Lair:6   | Noticed GoddamnPoopooFuck's ghost (journeyman OpAE)
 27919 | Lair:6   | Found a transporter.
 28128 | Lair:6   | Found a transporter.
 28237 | Lair:6   | Reached XP level 14. HP: 90/124 MP: 17/25
 29001 | Lair:6   | Gained Agrik as an ally
 30477 | Lair:6   | Your ally Agrik died
 30558 | Lair:6   | Upgraded the game from 0.28-a0-1182-g381e24db82 to
                  | 0.28-a0-1184-g53156a8862
 30733 | Lair:6   | Gained Boderik as an ally
 31008 | Lair:6   | Noticed a dire elephant
 31021 | Lair:6   | Killed a dire elephant
 31564 | Lair:6   | Killed GoddamnPoopooFuck's ghost
 31571 | Lair:6   | Slain by an eight-headed hydra

Illustrated notes

Levels and vault maps discovered:
D:1:      lordsloth_arrival_two_stooges, layout_basic,
          shapermc_ecumenical_altar_mp_ritualfount, minmay_split_cup_small
D:2:      layout_loops_ring
D:3:      cheibrodos_fertilizer, layout_basic
D:4:      layout_loops_cross, gup_sewer_entry_glass, minmay_cut_off,
          uniq_crazy_yiuf_cottage
D:5:      layout_rooms, minitemple, nicolae_vehumet_altar_sigil, serial_rivers,
          chequers_serial_rivers_micro_d, chequers_serial_rivers_small_b,
          chequers_serial_rivers_large_a, chequers_serial_rivers_micro_e,
          chequers_serial_rivers_small_3
D:6:      layout_loops_ring, kennysheep_mini, minmay_temple_entry_mist
D:7:      layout_cave_pools, tso_altar, corexii_hall_statues_t, st_stairs_7
D:8:      layout_basic, minmay_lair_entry_grove
D:9:      layout_irregular_city, kennysheep_orc_monster_closet_entryway,
          uniq_joseph
D:10:     layout_irregular_city, serial_shops, nicolae_shop_hallway_stairs
D:11:     gammafunk_beogh_shrine, layout_stronghold, biasface_ghost_orc_armoury,
          hangedman_decor_growths, minmay_between
D:12:     layout_stronghold, serial_shops, shop
Temple:   eino_temple_rhombus
Lair:1:   layout_hall_layers, portal_ice_cave_entry_pillars_1,
          beast_lair_carwin_4
Lair:2:   layout_chaotic_city, minmay_snake_entry_guardpost_medium
Lair:3:   layout_chaotic_city, basic_altar
Lair:4:   layout_regular_city, elwin_shoals_entry_stream, grunt_megastairs_5
Lair:5:   layout_loops_ring, slime_altar_2, chequers_serial_rivers_micro_a,
          chequers_serial_rivers_small_3, serial_bayou_shore_b,
          infiniplex_staircase_pool_2
Lair:6:   hangedman_lair_in_review, layout_long_grid, guppyfry_lair_end_dragon,
          gammafunk_ghost_berserking_beasts

Skill      XL: |  1  2  3  4  5  6  7  8  9 10 11 12 13 14 |
---------------+-------------------------------------------+-----
Axes           | 3 4 5 6 8 9 10 12 14 15 16 17 | 17.0
Fighting       | 4 5 6 7 8 9 10 11 | 11.4
Shields        | 4 5 6 |  6.7
Armour         | 4 5 6 7 8 9 10 11 | 11.3
Invocations    | 2 4 7 8 11 13 14 15 17 | 17.3
Evocations     | 4 6 7 |  7.0
Dodging        | 3 5 |  5.5

Action                   |  1- 3 |  4- 6 |  7- 9 | 10-12 | 13-15 || total
-------------------------+-------+-------+-------+-------+-------++-------
Melee: War axe           |    76 |   216 |   407 |   991 |   630 ||  2320
       Spear             |       |       |       |    12 |    82 ||    94
 Fire: Hunting sling     |    46 |    47 |    85 |   250 |       ||   428
       Hand crossbow     |       |       |       |       |    74 ||    74
Throw: Dart              |       |     7 |     6 |     3 |     1 ||    17
Invok: Convert to Beogh  |       |     1 |       |       |       ||     1
       Smiting           |       |       |     2 |     6 |     9 ||    17
       Give Item to Name |       |       |       |       |     1 ||     1
       Recall Orcish Fol |       |       |       |       |     2 ||     2
Evoke: Wand              |       |       |       |     1 |       ||     1
  Use: Scroll            |       |     4 |     3 |     9 |       ||    16
       Potion            |       |       |     3 |       |     5 ||     8
 Stab: Distracted        |       |       |       |     2 |     2 ||     4
       Petrified         |       |       |       |       |     2 ||     2
Armor: Scale mail        |    23 |    52 |    36 |       |       ||   111
       Chain mail        |       |       |   109 |   110 |       ||   219
       Plate armour      |       |       |       |   378 |   450 ||   828
Dodge: Dodged            |    36 |   110 |   203 |   429 |   213 ||   991
       Repelled          |       |       |       |     1 |       ||     1
Block: Buckler           |    10 |    26 |    74 |   181 |   209 ||   500

Table legend: (Time is in decaauts)
 A = Elapsed time spent in this place.
 B = Non-inter-level travel time spent in this place.
 C = Inter-level travel time spent in this place.
 D = Time resting spent in this place.
 E = Time spent auto-exploring this place.
 F = Levels seen in this place.
 G = Mean time per level.
                   A        B        C        D        E       F      G
               +--------+--------+--------+--------+--------+-----+--------+
         Total |  31462 |  30301 |   1161 |  10668 |  11939 |  21 | 1498.2 |
       Dungeon |  16846 |  16042 |    804 |   5478 |   6522 |  12 | 1403.8 |
        Temple |    163 |    155 |      8 |      0 |    142 |   1 |  163.0 |
          Lair |  11097 |  10748 |    349 |   3857 |   4427 |   6 | 1849.5 |
         Sewer |   1156 |   1156 |      0 |    150 |    726 |   1 | 1156.0 |
      Ice Cave |   2198 |   2198 |      0 |   1183 |    122 |   1 | 2198.0 |
               +--------+--------+--------+--------+--------+-----+--------+

Top non-repeatable levels by time:
  Lair:6: 4240 daAuts
   IceCv: 2198 daAuts
     D:4: 2064 daAuts
     D:9: 1922 daAuts
     D:8: 1865 daAuts
     D:7: 1858 daAuts
    D:10: 1674 daAuts
  Lair:4: 1663 daAuts
     D:6: 1552 daAuts
     D:3: 1503 daAuts
     D:5: 1468 daAuts
    D:11: 1462 daAuts
  Lair:3: 1453 daAuts
  Lair:5: 1333 daAuts
  Lair:2: 1268 daAuts
